 Dungeon Sprint DCSS version 0.29-a0-352-g0917bc69df (webtiles) character file.

Game seed: 1445906971219921708

22091 mhtbhm the Executioner (level 12, 0/205 HPs)
             Began as a Minotaur Berserker on Apr 23, 2022.
             Was the Champion of Trog.
             Slain by an iron troll (3 damage)
             ... in the Dungeon (Sprint IX: "|||||||||||||||||||||||||||||").
             The game lasted 00:03:43 (2943 turns).

mhtbhm the Executioner (Minotaur Berserker)         Turns: 2943, Time: 00:03:44

Health: 0/205      AC: 30    Str: 25    XL:     12   Next: 60%
Magic:  11/11      EV: 13    Int:  7    God:    Trog [******]
Gold:   1273       SH:  0    Dex: 12    Spells: 11/11 levels left

rFire   . . .      SeeInvis .   a - +1 broad axe "Xetostei" {protect, rElec rPois}
rCold   . . .      Faith    .   (no shield)
rNeg    . . .      Spirit   .   b - +1 chain mail
rPois   +          Reflect  .   (helmet restricted)
rElec   +          Harm     .   l - +0 cloak
rCorr   .          Rampage  .   k - +0 pair of gloves
Will    .....      NoTele   +   u - +0 pair of boots
Stlth   ..........              (no amulet)
HPRegen 0.44/turn               m - +3 ring of intelligence
MPRegen 0.12/turn               n - +2 ring of protection

@: berserking, under a protective aura, very quick
A: horns 2, retaliatory headbutt
a: Renounce Religion, Berserk, Trog's Hand, Brothers in Arms


You were in the Dungeon.
You worshipped Trog.
Trog was exalted by your worship.
You visited 1 branch You collected 1273 gold pieces.

Inventory:

Hand Weapons
 a - the +1 broad axe "Xetostei" (weapon) {protect, rElec rPois}
   (You found it in the Dungeon)

   It grants its wielder temporary protection when it strikes (+7 to AC).
   rElec:     It insulates you from electricity.
   rPois:     It protects you from poison.
 w - a +7 antimagic executioner's axe
Missiles
 o - 2 poisoned darts (quivered)
Armour
 b - a +1 chain mail (worn)
 k - a +0 pair of gloves (worn)
 l - a +0 cloak (worn)
 u - a +0 pair of boots (worn)
Jewellery
 m - a +3 ring of intelligence (left hand)
 n - a +2 ring of protection (right hand)
Wands
 j - a wand of acid (6)
 v - a wand of paralysis (11)
Scrolls
 h - 2 scrolls of blinking
 q - 5 scrolls of enchant weapon
 r - a scroll of fog
 s - 2 scrolls of enchant armour
 t - a scroll of fear
Potions
 c - 2 potions of curing
 d - 3 potions of heal wounds
 e - 3 potions of haste
 f - 4 potions of magic
 g - a potion of berserk rage
 i - a potion of invisibility
 p - a potion of resistance


   Skills:
 + Level 21.9 Fighting
 + Level 23.0 Axes
 + Level 18.4 Armour
 + Level 11.8 Dodging
 + Level 3.6 Stealth
 + Level 3.4 Evocations


You had 11 spell levels left.
You didn't know any spells.
Your spell library was empty.

Dungeon Overview and Level Annotations

Branches:
Dungeon (1/1)

Altars:
Cheibriados
Dithmenos
Elyvilon
Fedhas
Gozag
Hepliaklqana
Kikubaaqudgha
Makhleb
Nemelex Xobeh
Okawaru
Qazlal
Ru
Sif Muna
Trog
Uskayaw
Vehumet
Wu Jian
Xom
Yredelemnul
Zin
The Shining One
Beogh
Jiyva
Lugonu

Shops:
D (?*


Innate Abilities, Weirdness & Mutations

You have a pair of horns on your head.
You reflexively headbutt those who attack you in melee.


Message History

The iron troll bites you!!
The iron troll claws you but does no damage.
The iron troll claws you!
You hit the iron troll but do no damage.
You headbutt the iron troll.
The iron troll is lightly wounded.
You hit the iron troll but do no damage.
Your headbutt misses the iron troll.
You punch the iron troll, but do no damage.
The iron troll is lightly wounded.
The iron troll bites you but does no damage.
The iron troll misses you. The iron troll claws you!
* * * LOW HITPOINT WARNING * * *
A red film seems to cover your vision as you go berserk!
You feel yourself moving faster!
You feel mighty! The iron troll bites you!
* * * LOW HITPOINT WARNING * * *
The iron troll closely misses you. x2
You slash the iron troll!
You headbutt the iron troll, but do no damage.
The iron troll is lightly wounded.
You hit the iron troll but do no damage.
The iron troll is lightly wounded.
You hit the iron troll but do no damage.
The iron troll is lightly wounded.
You slash the iron troll!
The iron troll is moderately wounded.
The iron troll bites you!!
* * * LOW HITPOINT WARNING * * *
The iron troll claws you but does no damage.
The iron troll claws you!
* * * LOW HITPOINT WARNING * * *
Unknown command.
You slash the iron troll! You headbutt the iron troll!
The iron troll is heavily wounded.
You slice the iron troll!!
The iron troll is almost dead.
The iron troll bites you!
* * * LOW HITPOINT WARNING * * *
The iron troll claws you.
You die...

▓)▓.▓÷▓.▓_▓
▓.▓.▓.▓.▓_▓
▓.▓.▓.▓.▓_▓
▓.▓.▓.▓.▓_▓
▓.▓.▓.▓.▓_▓
▓'▓.▓.▓.▓_▓
▓)▓.▓.▓.▓_▓
▓)▓.▓.▓.▓_▓
▓@▓.▓.▓.▓_▓
▓T▓.▓†▓.▓_▓
▓)▓.▓.▓.▓_▓
▓)▓.▓†▓.▓_▓
▓)▓.▓.▓.▓_▓
▓)▓.▓.▓.▓_▓
▓[▓.▓.▓.▓_▓
▓[▓.▓.▓.▓_▓
▓.▓.▓.▓.▓_▓


You could see an iron troll.

Vanquished Creatures
  A stone giant (D)
  Josephine (D)
  2 catoblepae (D)
  2 hydras (D)
  A centaur warrior (D)
  5 death yaks (D)
  A death drake (shapeshifter) (D)
  7 deep trolls (D)
  6 orc knights (D)
  A cyclops (D)
  An orc sorcerer (D)
  Maurice (D)
  2 cane toads (D)
  2 komodo dragons (D)
  A kobold demonologist (D)
  5 trolls (D)
  3 polar bears (D)
  5 wraiths (D)
  6 yaks (D)
  A water moccasin (D)
  7 orc warriors (D)
  A centaur (D)
  A kobold brigand (D)
  2 phantoms (D)
  3 bullfrogs (D)
  A howler monkey (D)
  2 hounds (D)
  3 orc priests (D)
  2 orc wizards (D)
  A gnoll (D)
  7 orcs (D)
  A ball python (D)
  2 kobolds (D)
  A rat (D)
88 creatures vanquished.

Vanquished Creatures (collateral kills)
  A hydra (D)
  A torpor snail (D)
  A bullfrog (D)
3 creatures vanquished.

Vanquished Creatures (others)
  An orc wizard (D)
1 creature vanquished.

Grand Total: 92 creatures vanquished

Notes
Turn   | Place    | Note
-------+----------+-------------------------------------------
     0 | D        | mhtbhm the Minotaur Berserker began the quest for the Orb.
     0 | D        | Reached XP level 1. HP: 19/19 MP: 0/0
    13 | D        | Reached skill level 4 in Axes
    13 | D        | Reached XP level 2. HP: 15/28 MP: 1/1
    15 | D        | Reached ** piety under Trog
    17 | D        | Reached skill level 5 in Axes
    20 | D        | Reached skill level 5 in Fighting
   210 | D        | Noticed a phantom
   210 | D        | Noticed a howler monkey
   210 | D        | Noticed a phantom
   213 | D        | Killed a phantom
   214 | D        | Reached skill level 7 in Axes
   214 | D        | Reached XP level 3. HP: 39/39 MP: 2/2
   214 | D        | Reached XP level 4. HP: 47/47 MP: 3/3
   216 | D        | Reached *** piety under Trog
   217 | D        | Reached skill level 8 in Axes
   219 | D        | Reached XP level 5. HP: 53/53 MP: 4/4
   220 | D        | Reached skill level 9 in Axes
   222 | D        | Killed a phantom
   223 | D        | Reached skill level 10 in Axes
   223 | D        | Reached skill level 5 in Armour
   223 | D        | Reached skill level 5 in Dodging
   262 | D        | Found a snail-covered altar of Cheibriados.
   262 | D        | Found a shadowy altar of Dithmenos.
   262 | D        | Found a white marble altar of Elyvilon.
   262 | D        | Found a blossoming altar of Fedhas.
   262 | D        | Found an opulent altar of Gozag.
   263 | D        | Found a hazy altar of Hepliaklqana.
   264 | D        | Found a viscous altar of Jiyva.
   265 | D        | Found an ancient bone altar of Kikubaaqudgha.
   266 | D        | Found a corrupted altar of Lugonu.
   267 | D        | Found a burning altar of Makhleb.
   268 | D        | Found a sparkling altar of Nemelex Xobeh.
   269 | D        | Found an iron altar of Okawaru.
   270 | D        | Found a stormy altar of Qazlal.
   271 | D        | Found a sacrificial altar of Ru.
   272 | D        | Found a shimmering blue altar of Sif Muna.
   273 | D        | Found a bloodstained altar of Trog.
   274 | D        | Found a hide-covered altar of Uskayaw.
   275 | D        | Found a radiant altar of Vehumet.
   276 | D        | Found an ornate altar of the Wu Jian Council.
   277 | D        | Found a shimmering altar of Xom.
   278 | D        | Found a basalt altar of Yredelemnul.
   279 | D        | Found a glowing silver altar of Zin.
   280 | D        | Found a glowing golden altar of the Shining One.
   297 | D        | Got the +1 broad axe "Xetostei" {protect, rElec rPois}
   333 | D        | Noticed a yak
   333 | D        | Noticed a yak
   333 | D        | Noticed a yak
   333 | D        | Noticed an orc warrior
   333 | D        | Noticed a centaur
   338 | D        | Killed a yak
   338 | D        | Reached **** piety under Trog
   339 | D        | Reached skill level 10 in Fighting
   339 | D        | Reached skill level 11 in Axes
   339 | D        | Reached XP level 6. HP: 67/67 MP: 5/5
   342 | D        | Killed a yak
   343 | D        | Reached XP level 7. HP: 74/74 MP: 6/6
   346 | D        | Killed a yak
   347 | D        | Reached skill level 12 in Axes
   369 | D        | Reached skill level 13 in Axes
   371 | D        | Reached ***** piety under Trog
   610 | D        | Noticed a kobold demonologist
   610 | D        | Noticed a centaur warrior
   610 | D        | Noticed a golden eye
   610 | D        | Noticed a troll
   610 | D        | Noticed a cyclops
   611 | D        | Noticed a rust devil
   633 | D        | Noticed a sun demon
   641 | D        | Noticed a shapeshifter
   641 | D        | a golden eye changed into a shapeshifter
   642 | D        | Noticed a guardian serpent
   642 | D        | a shapeshifter changed into a guardian serpent
   648 | D        | Noticed a death drake
   648 | D        | a guardian serpent changed into a death drake
   650 | D        | Noticed a redback
   650 | D        | a death drake changed into a redback
   653 | D        | Killed a kobold demonologist
   653 | D        | Received a gift from Trog
   653 | D        | Noticed a death drake
   653 | D        | a redback changed into a death drake
   654 | D        | Reached skill level 14 in Axes
   654 | D        | Reached XP level 8. HP: 65/86 MP: 7/7
   663 | D        | Killed a centaur warrior
   664 | D        | Reached skill level 15 in Axes
   666 | D        | Reached skill level 1 in Stealth
   668 | D        | Killed a troll
   669 | D        | Reached XP level 9. HP: 47/94 MP: 8/8
   670 | D        | Killed a cyclops
   671 | D        | Reached skill level 16 in Axes
   671 | D        | Reached skill level 10 in Armour
   678 | D        | Killed a death drake
   679 | D        | Reached skill level 1 in Evocations
  1048 | D        | Noticed a komodo dragon
  1048 | D        | Noticed a six-headed hydra
  1048 | D        | Noticed a cane toad
  1048 | D        | Noticed a cane toad
  1053 | D        | Killed a komodo dragon
  1054 | D        | Reached skill level 17 in Axes
  1058 | D        | Killed a ten-headed hydra
  1058 | D        | Received a gift from Trog
  1058 | D        | Noticed a torpor snail
  1059 | D        | Reached skill level 15 in Fighting
  1059 | D        | Noticed a seven-headed hydra
  1064 | D        | Reached XP level 10. HP: 104/105 MP: 9/9
  1066 | D        | Killed a cane toad
  1067 | D        | Reached skill level 18 in Axes
  1069 | D        | Killed a cane toad
  1091 | D        | Killed a torpor snail
  1094 | D        | Killed a seven-headed hydra
  1101 | D        | Received a gift from Trog
  1455 | D        | Noticed an eight-headed hydra
  1459 | D        | Noticed a catoblepas
  1467 | D        | Reached skill level 19 in Axes
  1469 | D        | Killed an 11-headed hydra
  1470 | D        | Reached skill level 10 in Dodging
  1483 | D        | Killed a catoblepas
  1499 | D        | Reached XP level 11. HP: 73/116 MP: 10/10
  1504 | D        | Reached ****** piety under Trog
  1638 | D        | Noticed a death yak
  1638 | D        | Noticed a death yak
  1638 | D        | Noticed a death yak
  1638 | D        | Noticed a death yak
  1638 | D        | Noticed a catoblepas
  1641 | D        | Noticed a death yak
  1645 | D        | Killed a death yak
  1653 | D        | Killed a death yak
  1654 | D        | Reached skill level 20 in Axes
  1654 | D        | Reached skill level 15 in Armour
  1656 | D        | Killed a death yak
  1656 | D        | Received a gift from Trog
  1669 | D        | Killed a death yak
  1676 | D        | Killed a catoblepas
  1698 | D        | Killed a death yak
  2102 | D        | Noticed Maurice
  2107 | D        | Killed Maurice
  2107 | D        | Received a gift from Trog
  2116 | D        | Noticed Josephine
  2132 | D        | Killed Josephine
  2133 | D        | Reached skill level 21 in Axes
  2137 | D        | Received a gift from Trog
  2265 | D        | Noticed an orc knight
  2267 | D        | Noticed an orc knight
  2276 | D        | Killed an orc knight
  2283 | D        | Killed an orc knight
  2287 | D        | Received a gift from Trog
  2531 | D        | Noticed an orc knight
  2531 | D        | Noticed an orc knight
  2531 | D        | Noticed an orc knight
  2532 | D        | Noticed an orc sorcerer
  2536 | D        | Killed an orc knight
  2537 | D        | Noticed an orc knight
  2539 | D        | Received a gift from Trog
  2548 | D        | Killed an orc knight
  2549 | D        | Reached XP level 12. HP: 132/132 MP: 11/11
  2572 | D        | Received a gift from Trog
  2573 | D        | Reached skill level 22 in Axes
  2743 | D        | Found Himaphept's Antique Weapon Emporium.
  2747 | D        | Noticed a stone giant
  2753 | D        | Found Izosed's Magic Scroll Shoppe.
  2764 | D        | Killed a stone giant
  2768 | D        | Received a gift from Trog
  2781 | D        | Found Pavvazuo's Assorted Antiques.
  2911 | D        | Received a gift from Trog
  2912 | D        | Reached skill level 23 in Axes
  2943 | D        | HP: 3/205 [iron troll (14)]
  2943 | D        | Slain by an iron troll

Illustrated notes

Levels and vault maps discovered:
D:        linesprint [early_d, line_temple, items_1, d_10, items_2, lair_1,
          lair_end, items_3, orc_1, orc_end, items_4, d_15, swamp_1, shoals_1,
          snake_1, spider_1, d_20, vaults_1, items_5, swamp_end, shoals_end,
          snake_end, spider_end, vaults_end, d_27, items_6, zot_1, zot_end,
          crypt_end, forest_end, elf_end, slime_end, tomb_end, abyss_end,
          pan_hell_end]

Skill      XL: |  1  2  3  4  5  6  7  8  9 10 11 12 |
---------------+-------------------------------------+-----
Fighting       | 4 7 8 10 11 13 15 16 19 21 | 21.9
Axes           | 4 7 8 11 14 15 17 19 21 23 | 23.0
Armour         | 3 4 5 6 7 9 12 14 17 18 | 18.4
Dodging        | 3 4 6 7 8 9 10 11 | 11.8
Stealth        | 1 2 3 |  3.6
Evocations     | 1 2 3 |  3.4

Action                   |  1- 3 |  4- 6 |  7- 9 | 10-12 || total
-------------------------+-------+-------+-------+-------++-------
Melee: Hand axe          |    15 |     8 |       |       ||    23
       Headbutt          |     2 |     3 |    15 |    75 ||    95
       Broad axe         |       |     7 |    87 |   251 ||   345
       Punch             |       |       |     2 |     5 ||     7
Invok: Berserk           |     2 |     1 |     2 |     6 ||    11
       Brothers in Arms  |       |       |       |     1 ||     1
Evoke: Wand              |       |       |     3 |     1 ||     4
  Use: Potion            |       |       |     6 |     1 ||     7
Armor: Animal skin       |       |     1 |       |       ||     1
       Chain mail        |       |     2 |    72 |   107 ||   181
Dodge: Dodged            |     8 |     5 |    42 |   119 ||   174

Table legend: (Time is in decaauts)
 A = Elapsed time spent in this place.
 B = Non-inter-level travel time spent in this place.
 C = Inter-level travel time spent in this place.
 D = Time resting spent in this place.
 E = Time spent auto-exploring this place.
 F = Levels seen in this place.
 G = Mean time per level.
                   A        B        C        D        E       F      G
               +--------+--------+--------+--------+--------+-----+--------+
         Total |   2951 |   2951 |      0 |   2022 |     97 |   1 | 2951.0 |
       Dungeon |   2951 |   2951 |      0 |   2022 |     97 |   1 | 2951.0 |
               +--------+--------+--------+--------+--------+-----+--------+

Top non-repeatable levels by time:
       D: 2951 daAuts
